 Dungeon Crawl Stone Soup version 0.28-a0-1429-gf3d713df7a (webtiles) character file.

Game seed: 3742433536452484742

68 Hasart the Sneak (level 4, 0/24 HPs)
             Began as a Kobold Enchanter on Jan 8, 2022.
             Slain by Grinder (9 damage)
             ... on level 3 of the Dungeon.
             The game lasted 00:03:07 (3058 turns).

Hasart the Sneak (Kobold Enchanter)                 Turns: 3058, Time: 00:03:07

Health: 0/24       AC:  2    Str:  5    XL:     4   Next: 41%
Magic:  8/8        EV: 15    Int: 18    God:
Gold:   73         SH:  0    Dex: 15    Spells: 6/8 levels left

rFire   . . .      SeeInvis .   a - +1 dagger
rCold   . . .      Faith    .   (no shield)
rNeg    . . .      Spirit   .   b - +0 robe
rPois   .          Reflect  .   (no helmet)
rElec   .          Harm     .   (no cloak)
rCorr   .          Rampage  .   (no gloves)
Will    .....                   (no boots)
Stlth   ++++......              (no amulet)
HPRegen 0.08/turn               (no ring)
MPRegen 0.11/turn               (no ring)

@: no status effects
A: small, no large weapons, nightstalker 3
a: no special abilities


You were on level 3 of the Dungeon.
You visited 1 branch of the dungeon, and saw 3 of its levels.

You collected 73 gold pieces.

Inventory:

Hand Weapons
 a - a +1 dagger (weapon)
Armour
 b - a +0 robe (worn)
Scrolls
 d - a scroll of vulnerability {unknown}
 e - 2 scrolls of identify {unknown}
 g - 2 scrolls of blinking {unknown}
 i - a scroll of brand weapon {unknown}
 j - a scroll of teleportation {unknown}
 k - a scroll of amnesia {unknown}
 l - a scroll of magic mapping {unknown}
 n - a scroll of silence {unknown}
Potions
 c - a potion of invisibility
 f - 2 potions of heal wounds {unknown}
 h - a potion of lignification {unknown}
 m - a potion of might {unknown}


   Skills:
 + Level 2.2 Short Blades
 + Level 3.0 Dodging
 + Level 4.6 Stealth
 + Level 2.7 Spellcasting
 * Level 3.7 Hexes


You had 6 spell levels left.
You knew the following spells:

 Your Spells              Type           Power      Damage    Failure   Level
a - Ensorcelled Hibernat  Hex/Ice        18%        N/A       12%         2

Your spell library contained the following spells:

 Spells                   Type           Power      Damage    Failure   Level
 Confusing Touch          Hex            15%        N/A       11%         3
 Tukima's Dance           Hex            15%        N/A       11%         3
 Dazzling Flash           Conj/Hex       18%        N/A       24%         3
 Gell's Gravitas          Tloc           2%         N/A       45%         3
 Lesser Beckoning         Tloc           2%         N/A       45%         3
 Teleport Other           Tloc           2%         N/A       45%         3


Dungeon Overview and Level Annotations

Branches:
Dungeon (3/15)

Altars:

Annotations:
D:3 Grinder


Innate Abilities, Weirdness & Mutations

You are small and have problems with some larger weapons.
You are completely attuned to the shadows.


Message History

Found a throwing net.
The helpless Grinder fails to defend herself.
You impale Grinder!!
Grinder is heavily wounded.
Grinder blinks!
Casting: Ensorcelled Hibernation (safe; 12% risk of failure)
Confirm with . or Enter, or press ? or * to list all spells.
You can't see any susceptible monsters within range! (Use Z to cast anyway.)
You see here a throwing net.
o - a throwing net Grinder hits you!
You writhe in agony.
Unknown command.
Throw: throwing net
Press: ? - help, Q - select action, (/) - cycle Shift-Dir - straight line, f - Grinder
Aim: Grinder (heavily wounded, 53% to hit)
You throw a throwing net. The throwing net hits Grinder.
Grinder is caught in the net!
Grinder is heavily wounded.
Grinder struggles against the net.
Unknown command.
You hit Grinder but do no damage.
Grinder is heavily wounded.
Grinder struggles against the net.
You hit Grinder.
Grinder is heavily wounded.
Grinder gestures at you.
You barely resist.
Grinder struggles against the net.
You catch the helpless Grinder completely off-guard!
You puncture Grinder!
Grinder is almost dead.
You hit Grinder but do no damage.
Grinder is almost dead.
Grinder says, "Don't move a muscle."
Grinder blinks!
Grinder blinks!
Grinder hits you.
You hit Grinder but do no damage.
Grinder is almost dead.
Grinder hits you!
You die...

#.# #.. ....# ...#.#
#.# #.... ..#..# #.#
#.#.# .....# .# #.#
#.#.# .....###.#
#.####.#.## ....<.....
#.....@5..###.........#
##......#...#..........
#.####...#.######....#
5....#
##..........†##.#
###### ####.######.....
#.....# ####>#
#.....#######.#
#.............#
#.....#########


You could see Grinder.

Vanquished Creatures
  An adder (D:2)
  A worm (D:2)
  2 dart slugs (D:2)
  4 ball pythons (D:1)
  2 bats (D:2)
  7 endoplasms
  2 giant cockroaches
  4 goblins
  6 hobgoblins
  3 jackals (D:1)
  3 kobolds
  4 quokkas
  6 rats
45 creatures vanquished.

Notes
Turn   | Place    | Note
-------+----------+-------------------------------------------
     0 | D:1      | Hasart the Kobold Enchanter began the quest for the Orb.
     0 | D:1      | Reached XP level 1. HP: 10/10 MP: 3/3
   298 | D:1      | Noticed a Brimstone Fiend
   303 | D:1      | Found a faded altar of an unknown god.
   317 | D:1      | Reached XP level 2. HP: 15/15 MP: 5/5
   320 | D:1      | Learned a level 2 spell: Ensorcelled Hibernation
  1260 | D:1      | Reached XP level 3. HP: 19/19 MP: 6/6
  2132 | D:2      | Reached XP level 4. HP: 24/24 MP: 7/7
  3036 | D:3      | Noticed Grinder
  3058 | D:3      | Slain by Grinder

Illustrated notes

Levels and vault maps discovered:
D:1:      lemuel_arrival_lava_pool, layout_loops_ring,
          dreamdust_ecumenical_altar_sealed_demon
D:2:      layout_basic, serial_curves, eino_curves_02, eino_curves_04
D:3:      layout_loops_ring, uniq_natasha, uniq_grinder

Skill      XL: |  1  2  3 |
---------------+----------+-----
Short Blades   | 2 |  2.2
Dodging        | 3 |  3.0
Stealth        | |  4.6
Spellcasting   | |  2.7
Hexes          | |  3.7

Action                   |  1- 3 |  4- 6 || total
-------------------------+-------+-------++-------
Melee: Dagger            |   122 |    44 ||   166
       Punch             |     1 |       ||     1
Throw: Throwing net      |       |     1 ||     1
 Cast: Ensorcelled Hiber |     2 |     2 ||     4
 Stab: Sleeping          |    11 |    14 ||    25
       Held in net/web   |       |     1 ||     1
Armor: Robe              |     9 |       ||     9
Dodge: Dodged            |    73 |    16 ||    89

Table legend: (Time is in decaauts)
 A = Elapsed time spent in this place.
 B = Non-inter-level travel time spent in this place.
 C = Inter-level travel time spent in this place.
 D = Time resting spent in this place.
 E = Time spent auto-exploring this place.
 F = Levels seen in this place.
 G = Mean time per level.
                   A        B        C        D        E       F      G
               +--------+--------+--------+--------+--------+-----+--------+
         Total |   3041 |   2933 |    108 |    197 |   2343 |   3 | 1013.7 |
       Dungeon |   3041 |   2933 |    108 |    197 |   2343 |   3 | 1013.7 |
               +--------+--------+--------+--------+--------+-----+--------+

Top non-repeatable levels by time:
     D:1: 1805 daAuts
     D:2: 1179 daAuts
     D:3: 57 daAuts
